 Dungeon Crawl Stone Soup version 0.21-a0-227-g58a7c62 (webtiles) character file.

7 Chiseanne the Grasshopper (level 1, -1/11 HPs)
             Began as a Spriggan Warper on Aug 31, 2017.
             Slain by a kobold
             ... wielding a +0 club
              (2 damage)
             ... on level 1 of the Dungeon.
             The game lasted 00:00:45 (171 turns).

Chiseanne the Grasshopper (Spriggan Warper)          Turns: 171, Time: 00:00:46

Health: -1/11      AC:  2    Str:  7    XL:     1   Next: 91%
Magic:  5/5        EV: 19    Int: 14    God:
Gold:   13         SH:  0    Dex: 15    Spells: 5/5 levels left

rFire    . . .     SeeInvis +   a - +0 short sword
rCold    . . .     Gourm    .   (shield restricted)
rNeg     . . .     Faith    .   b - +0 robe
rPois    .         Spirit   .   (helmet restricted)
rElec    .         Reflect  .   (no cloak)
rCorr    .         Harm     .   (gloves unavailable)
MR       .....                  (boots unavailable)
Stlth    ++........             (no amulet)
HPRegen  0.03/turn              (no ring)
MPRegen  0.09/turn              (no ring)

@: very quick
A: unfitting armour, see invisible, herbivore 3, speed 3, slow metabolism 2
a: no special abilities


You were on level 1 of the Dungeon.
You were not hungry.

You visited 1 branch of the dungeon, and saw 1 of its levels.

You collected 13 gold pieces.

Inventory:

Hand Weapons
 a - a +0 short sword (weapon)
Missiles
 e - 5 tomahawks of dispersal (quivered)
 h - a stone
Armour
 b - a +0 robe (worn)
Scrolls
 d - 2 scrolls of blinking
Books
 c - a book of Spatial Translocations

   Spells                             Type                      Level
   a - Blink                          Translocation                2
   b - Shroud of Golubria             Charms/Translocation         2
   c - Lesser Beckoning               Translocation                3
   d - Gell's Gravitas                Translocation                3
   e - Teleport Other                 Translocation                3
   f - Passage of Golubria            Translocation                4
Comestibles
 f - a bread ration


   Skills:
 * Level 1.8 Fighting
 - Level 2.1 Short Blades
 - Level 1.0 Throwing
 * Level 3.6 Dodging
 * Level 1.4 Stealth
 * Level 2.8 Spellcasting
   Level 4.4 Translocations


You had 5 spell levels left.
You didn't know any spells.

Dungeon Overview and Level Annotations

Branches:
Dungeon (1/15)

Altars:


Innate Abilities, Weirdness & Mutations

You are very small and have problems with some larger weapons.
You are too small for most types of armour.
You have supernaturally acute eyesight. (SInv)
You are a herbivore.
You cover ground extremely quickly.
You need consume almost no food.


Message History

The kobold hits you but does no damage. The giant cockroach closely misses you.
You barely miss the giant cockroach.
The giant cockroach is severely wounded.
The kobold misses you. The giant cockroach misses you.
You closely miss the giant cockroach.
The giant cockroach is severely wounded.
The giant cockroach misses you. The kobold hits you but does no damage.
You closely miss the giant cockroach.
The giant cockroach is severely wounded.
The giant cockroach barely misses you. The kobold completely misses you.
You hit the giant cockroach.
You kill the giant cockroach!
The kobold hits you with a club.
* * * LOW HITPOINT WARNING * * *
You aren't carrying any potions.
As you read the scroll labeled SOSAGR VIVOENE, it crumbles to dust.
It is a scroll of identify.
You don't have any unidentified items.
The kobold hits you with a club.
You die...

#....# #.#### # #.#
..####### #.##..........
###.##########........###.#
.................########.#
......####g......#≈≈≈≈≈≈≈.≈
##.#. #K#######≈≈≈≈≈.... .
# #@# ≈≈....≈≈≈ #[#. #†#
≈...≈≈≈.≈ #)l.. #.#
≈..≈≈..<. #...###.#
≈...≈≈≈.≈ #).....#
≈≈....≈≈≈ #...s.#####
≈≈≈≈≈.... #.### ≈≈≈≈≈≈≈≈≈
#########


You could see a hobgoblin and a kobold.

Vanquished Creatures
  A dart slug (D:1)
  2 bats (D:1)
  A giant cockroach (D:1)
  A jackal (D:1)
5 creatures vanquished.

Notes
Turn   | Place    | Note
-------+----------+-------------------------------------------
     0 | D:1      | Chiseanne the Spriggan Warper began the quest for the Orb.
     0 | D:1      | Reached XP level 1. HP: 10/10 MP: 5/5
   146 | D:1      | Reached skill level 1 in Stealth
   171 | D:1      | Slain by a kobold

Vault maps used:
D:1:      dpeg_arrival_shrine, minmay_misc_feat_nine_boxes,
          hangedman_decor_riveting, minmay_tromino_mix6

Skill      XL: |  1 |
---------------+----+-----
Stealth        | 1 |  1.4
Fighting       | |  1.8
Short Blades   | |  2.1
Throwing       | |  1.0
Dodging        | |  3.6
Spellcasting   | |  2.8
Translocations | |  4.4

Action                   || total
-------------------------++-------
Melee: Short sword       ||    35
  Use: Scroll            ||     1
 Stab: Sleeping          ||     1
Armor: Robe              ||     5
Dodge: Dodged            ||    37

Table legend:
 A = Spawn XP
 B = Non-spawn XP
 C = Spawn XP percentage of total XP
 D = Spawn monster count
 E = Non-spawn monster count
 F = Spawn count percentage of total count
 G = Total turns spent on level
                    A         B        C        D         E        F      G
               +---------+---------+-------+---------+---------+-------+---------
         Total |       0 |      11 |   0.0 |       0 |       5 |   0.0 |   171
               +---------+---------+-------+---------+---------+-------+---------
           D:1 |       0 |      11 |   0.0 |       0 |       5 |   0.0 |   171
               +---------+---------+-------+---------+---------+-------+---------
